 Dungeon Crawl Stone Soup version 0.18-a0-1350-g404b4cb (webtiles) character file.

30 Duffy the Insei (level 3, 23/23 HPs)
             Began as a Tengu Monk on Feb 18, 2016.
             Quit the game on level 2 of the Dungeon.
             The game lasted 00:01:21 (1310 turns).

Duffy the Insei (Tengu Monk)                        Turns: 1310, Time: 00:01:21

Health: 23/23      AC:  2    Str: 11    XL:     3   Next: 18%
Magic:  4/4        EV: 14    Int: 10    God:
Gold:   51         SH:  0    Dex: 17    Spells: 0 memorised, 2 levels left

rFire  . . .     SeeInvis .     u - staff of conjuration
rCold  . . .     Gourm    .     a - +0 robe
rNeg   . . .     Faith    .     (no shield)
rPois  .         Spirit   .     (helmet restricted)
rElec  .         Dismiss  .     (no cloak)
rCorr  .         Reflect  .     (no gloves)
SustAt .         Harm     .     (boots unavailable)
MR     .....                    o - amulet of magic regeneration
Stlth  ++........               (no ring)
                                f - ring of wizardry

@: not resistant to hostile enchantments, unstealthy
A: beak, talons 3
a: no special abilities


You were on level 2 of the Dungeon.
You were not hungry.

You visited 1 branch of the dungeon, and saw 2 of its levels.

You collected 51 gold pieces.


Innate Abilities, Weirdness & Mutations

You have a beak for a mouth.
You have claws for feet.


   Skills:
 - Level 3.0 Fighting
 - Level 3.2 Dodging
 - Level 2.0 Stealth
 + Level 5.5 Unarmed Combat


You had 2 spell levels left.
You didn't know any spells.

Inventory:

Missiles
 l - 19 poisoned needles
Armour
 a - a +0 robe (worn)
 g - a +0 plate armour
Magical Staves
 u - an uncursed staff of conjuration (weapon)
Jewellery
 f - a ring of wizardry (left hand)
 o - an amulet of magic regeneration (around neck)
 t - an uncursed amulet of inaccuracy
Scrolls
 c - a scroll of recharging {unknown}
 j - a scroll of random uselessness
 m - a scroll of remove curse
 r - a scroll of fog {unknown}
Potions
 d - a potion of curing {unknown}
 e - a potion of might {unknown}
 h - a potion of brilliance {unknown}
 i - a potion of magic {unknown}
 q - a potion of haste {unknown}
 s - a potion of lignification {unknown}
Comestibles
 b - a bread ration
 k - 2 meat rations
 n - a beef jerky
 p - a chunk of flesh

Dungeon Overview and Level Annotations

Branches:
Dungeon (2/15)

Altars:
Pakellas


Message History

r - a scroll labeled WOFEN JANWY
s - a smoky coppery potion
Things that are here:
a twisted smoking staff; 15 stones
t - a dented ivory amulet Put on which piece of jewellery? (? for menu, Esc to quit)
Oops, that amulet feels deathly cold.
t - a cursed amulet of inaccuracy (around neck)
Things that are here:
a twisted smoking staff; 15 stones
u - a twisted smoking staff Wield which item (- for none, * to show all)? (? for menu, Esc to quit)
u - an uncursed staff of conjuration (weapon)
Drop what? 21/52 slots (_ for help) (? for menu, Esc to quit)
Okay, then.
Read which item? (? for menu, Esc to quit)
As you read the scroll labeled SYCZUM LUNGI, it crumbles to dust.
You experience a momentary feeling of inescapable doom!
It was a scroll of random uselessness.
Read which item? (? for menu, Esc to quit)
You can't read that!
Read which item? (? for menu, Esc to quit)
As you read the scroll labeled INUWNUQAED, it crumbles to dust.
You feel as if something is helping you.
It was a scroll of remove curse.
Put on which piece of jewellery? (? for menu, Esc to quit)
You remove your amulet of inaccuracy.
The amulet hums as it attunes itself to your energized body.
o - an amulet of magic regeneration (around neck) Drop what? 21/52 slots (_ for help) (? for menu, Esc to quit)
Okay, then.
Are you sure you want to abandon this character and quit the game? (Confirm with "yes".)
Okay, then.
Unknown command.
Are you sure you want to abandon this character and quit the game? (Confirm with "yes".)

########..##..............##
#........##................##
##.########..................#
.#.# #..................#
.#.########.......~..~.......#
..........'.......[~~........+
...####...'........~~........+
.........##.......~..0.......#
#..####..##.....@............#
#.........#..................#
#.#####..###................##
#.# #..# ##..............##
#.# #..# ##............## ..
#... ##..........## # ##..
##........## # ##.# ##########
# .#


There were no monsters in sight!

Action                   || total
-------------------------++-------
Melee: Unarmed           ||    45
  Use: Scroll            ||     2
 Stab: Sleeping          ||     3
  Eat: Chunk             ||     1

Notes
Turn   | Place    | Note
--------------------------------------------------------------
     0 | D:1      | Duffy the Tengu Monk began the quest for the Orb.
     0 | D:1      | Reached XP level 1. HP: 14/14 MP: 2/2
   479 | D:1      | Reached XP level 2. HP: 19/19 MP: 3/3
   515 | D:1      | Reached skill level 5 in Unarmed Combat
  1090 | D:2      | Found an oddly glowing altar of Pakellas.
  1205 | D:2      | Reached XP level 3. HP: 19/23 MP: 4/4
  1310 | D:2      | Quit the game

Vault maps used:
D:1:      dpeg_arrival_tiny_a
D:2:      kennysheep_big_flooded_room, old_standard_altar,
          johnstein_pakellas_dig

Vanquished Creatures
  An ooze
  A worm
  A bat
  A goblin
  3 hobgoblins
  2 quokkas
  3 giant newts
  6 kobolds
  6 rats
24 creatures vanquished.
